 Dungeon Crawl Stone Soup version 0.28.0-53-g5a82cb258f (webtiles) character file.

Game seed: 14410026812014472723

53 Plasmagod the Skirmisher (level 3, -4/24 HPs)
             Began as a Gargoyle Monk on July 11, 2022.
             Slain by Jessica
             ... wielding a +1 dagger of electrocution
              (5 damage)
             ... on level 2 of the Dungeon.
             The game lasted 00:05:28 (2199 turns).

Plasmagod the Skirmisher (Gargoyle Monk)            Turns: 2199, Time: 00:05:29

Health: -4/24      AC:  6    Str: 16    XL:     3   Next: 89%
Magic:  3/3        EV: 12    Int: 10    God:
Gold:   52         SH:  0    Dex: 12    Spells: 2/2 levels left

rFire   . . .      SeeInvis .   b - staff of cold
rCold   + . .      Faith    .   (no shield)
rNeg    + . .      Spirit   .   c - +0 leather armour
rPois   ∞          Reflect  .   (no helmet)
rElec   +          Harm     .   (no cloak)
rCorr   .          Rampage  .   (no gloves)
Will    .....                   (no boots)
Stlth   ++........              (no amulet)
HPRegen 0.08/turn               (no ring)
MPRegen 0.08/turn               (no ring)

@: no status effects
A: sickness immunity, AC +3, negative energy resistance 1, electricity
resistance, torment resistance 1, petrification resistance
a: no special abilities


You were on level 2 of the Dungeon.
You visited 1 branch of the dungeon, and saw 2 of its levels.

You collected 52 gold pieces.

Inventory:

Armour
 a - a +0 robe
 c - a +0 leather armour (worn)
Magical Staves
 b - a staff of cold (weapon)
Scrolls
 d - a scroll of vulnerability {unknown}
 e - a scroll of enchant armour {unknown}
 f - a scroll of teleportation {unknown}
Potions
 g - a potion of curing {unknown}


   Skills:
 + Level 3.7 Fighting
 + Level 0.6 Staves
 + Level 0.3 Armour
 + Level 2.8 Dodging
 + Level 2.8 Stealth
 + Level 3.5 Unarmed Combat


You had 2 spell levels left.
You didn't know any spells.
Your spell library contained the following spells:

 Spells                   Type           Power      Damage    Failure   Level
 Conjure Ball Lightning   Conj/Air       0%         3x3d6     100%        6
 Discord                  Hex            0%         N/A       100%        8
 Disjunction              Tloc           0%         N/A       100%        8


Dungeon Overview and Level Annotations

Branches:
Dungeon (2/15)

Altars:

Annotations:
D:2 Jessica


Innate Abilities, Weirdness & Mutations

You are immune to sickness and miasma.
Your stone body is resilient. (AC +3)
You are immune to poison.
You resist negative energy. (rN+)
You are resistant to electric shocks. (rElec)
You are resistant to unholy torment.
You are immune to petrification.


Message History

Jessica is no longer unusually resistant.
The adder completely misses you.
Jessica hits you with a +1 dagger of electrocution.
You closely miss Jessica. Your punch misses Jessica.
Jessica is almost dead.
The adder closely misses you. Jessica barely misses you. The adder bites you.
You hit Jessica but do no damage.
Jessica is almost dead.
Jessica gestures wildly while chanting.
Jessica seems to speed up.
The adder bites you.
You closely miss Jessica.
Jessica is almost dead.
Jessica misses you. The adder bites you.
Jessica gestures at you while chanting. Pain shoots through your body!
The adder barely misses you.
You are too injured to fight recklessly!
You are too injured to fight recklessly!
You are too injured to fight recklessly!
You barely miss Jessica.
Jessica is almost dead.
Jessica shouts, "You are a ghastly nuisance!"
Jessica barely misses you. The adder bites you but does no damage.
Jessica hits you with a +1 dagger of electrocution.
* * * LOW HITPOINT WARNING * * *
You hit Jessica but do no damage.
Jessica is almost dead.
The adder bites you but does no damage. Jessica misses you.
The adder bites you.
* * * LOW HITPOINT WARNING * * *
Jessica misses you.
It was a potion of cancellation.
You feel magically purged. The adder barely misses you.
Jessica hits you with a +1 dagger of electrocution.
* * * LOW HITPOINT WARNING * * *
The hobgoblin hits you.
* * * LOW HITPOINT WARNING * * *
You closely miss Jessica.
Jessica is almost dead.
Jessica hits you with a +1 dagger of electrocution.
You die...

........... # .....
........... #. #...
####..... /. ......
###### .#...... ####
.#.)...# ... ...#
#..#########..
#g####..##.##....#
.######@..###..#....#...
.......@S..).......<>.##
#####...!..........####
##..............#
#..........###.#
#............#.#
#........###...#
#........# ##..
##..###### .


You could see an adder, Jessica (fast) and a hobgoblin.

Vanquished Creatures
  An adder (D:2)
  A dart slug (D:1)
  A ball python (D:1)
  5 bats
  7 endoplasms
  3 giant cockroaches (D:1)
  3 hobgoblins
  3 jackals (D:2)
  3 quokkas
  6 frilled lizards
  A goblin (D:2)
  A kobold (D:2)
  4 rats (D:1)
39 creatures vanquished.

Vanquished Creatures (others)
  A fungus (D:2)
  2 plants (D:2)
3 creatures vanquished.

Grand Total: 42 creatures vanquished

Notes
Turn   | Place    | Note
-------+----------+-------------------------------------------
     0 | D:1      | Plasmagod the Gargoyle Monk began the quest for the Orb.
     0 | D:1      | Reached XP level 1. HP: 14/14 MP: 1/1
   317 | D:1      | Reached XP level 2. HP: 19/19 MP: 2/2
  1052 | D:1      | Reached XP level 3. HP: 22/23 MP: 3/3
  2170 | D:2      | Noticed Jessica
  2198 | D:2      | HP: 1/24 [hobgoblin (1)]
  2199 | D:2      | Slain by Jessica

Illustrated notes

Levels and vault maps discovered:
D:1:      wheals_arrival_linesprint, layout_loops_ring, minmay_misc_feat_encased
D:2:      layout_rooms, shapermc_ecumenical_altar_rom_forum, uniq_jessica

Action                   || total
-------------------------++-------
Melee: Unarmed           ||    62
       Punch             ||     3
       Staff             ||   107
  Use: Potion            ||     1
 Stab: Sleeping          ||     9
Armor: Robe              ||    18
       Leather armour    ||    52
Dodge: Dodged            ||   105
